 Dungeon Crawl Stone Soup version 0.29.1-15-g9cfb28693d (webtiles) character file.

Game seed: 11371771898204160200

321028 CatalinOSBI the Slayer (level 20, -4/318 HPs)
             Began as a Minotaur Berserker on Apr 11, 2023.
             Was the Champion of Trog.
             Killed from afar by an acid blob (10 damage)
             ... with a splash of acid
             ... created by the Royal Jelly
             ... on level 5 of the Pits of Slime on Apr 12, 2023.
             The game lasted 05:35:36 (52635 turns).

CatalinOSBI the Slayer (Minotaur Berserker)        Turns: 52635, Time: 05:35:37

Health: -4/318     AC: 14    Str: 35    XL:     20   Next: 63%
Magic:  8/28       EV: 11    Int:  6    God:    Trog [******]
Gold:   4919       SH: 21    Dex:  8    Spells: 19/19 levels left

rFire   + + +      SeeInvis +   b - +9 war axe (freeze)
rCold   + + .      Faith    .   L - +5 kite shield "Suetohoz" {rC- Str+8 Int+2 SInv}
rNeg    + . .      Spirit   .   D - +3 plate armour {Will+}
rPois   +          Reflect  +   J - -2 hat of the Alchemist {rElec rPois rF+ rC+ rN+ Will+ rMut rCorr}
rElec   +          Harm     .   n - scarf {rC+ rF+}
rCorr   +          Rampage  .   G - +1 pair of gloves "Tiplaran" {rElec MP+9}
rMut    +                       o - +2 pair of boots
Will    +++++                   s - amulet of Taan {Reflect Fragile Will+++ Dex-4 SH+5 SInv}
Stlth   ..........              W - +4 ring of protection
HPRegen 1.63/turn               V - ring of the Tortoise {AC+8}
MPRegen 0.21/turn

@: mighty, berserking, about to teleport, strong-willed, corroded, regenerating,
hasted, very quick
A: horns 2, retaliatory headbutt, cold resistance 1, fire resistance 1, weak 1,
sturdy frame 1
}: 2/15 runes: barnacled, gossamer
a: Renounce Religion, Berserk, Trog's Hand, Brothers in Arms


You were on level 5 of the Pits of Slime.
You worshipped Trog.
Trog was exalted by your worship.
You visited 8 branches of the dungeon, and saw 40 of its levels.
You visited the Abyss 1 time.
You also visited: Ice Cave and Wizlab.

You collected 7705 gold pieces.
You spent 2786 gold pieces at shops.

Inventory:

Hand Weapons
 a - a +6 sling of freezing
 b - a +9 war axe of freezing (weapon)
 B - a +4 antimagic hand axe
 O - a +3 battleaxe of flaming
Missiles
 f - 11 curare-tipped darts
 p - 44 poisoned darts (quivered)
 q - 16 atropa-tipped darts
 r - 6 throwing nets
Armour
 n - a scarf of resistance (worn)
 o - a +2 pair of boots (worn)
 D - a +3 plate armour of willpower (worn)
 G - the +1 pair of gloves "Tiplaran" (worn) {rElec MP+9}
   (You found it on level 3 of the Lair of Beasts)

   rElec:     It insulates you from electricity.
   MP:        It affects your magic capacity (+9).
 J - the -2 hat of the Alchemist (worn) {rElec rPois rF+ rC+ rN+ Will+ rMut rCorr}
   (You found it on level 4 of the Spider Nest)

   rF:        It protects you from fire.
   rC:        It protects you from cold.
   rElec:     It insulates you from electricity.
   rPois:     It protects you from poison.
   rN:        It protects you from negative energy.
   rCorr:     It protects you from acid and corrosion.
   rMut:      It protects you from mutation.
   Will:      It increases your willpower.
 L - the +5 kite shield "Suetohoz" (worn) {rC- Str+8 Int+2 SInv}
   (You found it on level 3 of the Lair of Beasts)

   Str:       It affects your strength (+8).
   Int:       It affects your intelligence (+2).
   rC:        It makes you vulnerable to cold.
   SInv:      It lets you see invisible.
 Y - a +2 cloak
Jewellery
 g - an amulet of regeneration
 i - a +6 ring of strength
 j - the amulet of Niangur {Spirit rN++}
   (You bought it in a shop on level 6 of the Dungeon)

   [amulet of guardian spirit]

   It causes incoming damage to be divided between your reserves of health and
   magic.
   rN:        It greatly protects you from negative energy.
 s - the amulet of Taan (around neck) {Reflect Fragile Will+++ Dex-4 SH+5 SInv}
   (You bought it in a shop on level 2 of the Elven Halls)

   [amulet of reflection]

   It reflects blocked missile attacks.
   Dex:       It affects your dexterity (-4).
   SInv:      It lets you see invisible.
   Fragile:   It will be destroyed if unequipped.
   SH:        It affects your SH (+5).
   Will:      It greatly increases your willpower.
 M - a ring of flight
 V - the ring of the Tortoise (right hand) {AC+8}
   (You took it off a deep elf zephyrmancer on level 3 of the Elven Halls)

   [ring of protection]

   AC:        It affects your AC (+8).
 W - a +4 ring of protection (left hand)
 Z - the ring "Zestrymul" {+Blink rPois rCorr MP-9 Stlth+}
   (You found it in an ice cave)

   [ring of poison resistance]

   rPois:     It protects you from poison.
   MP:        It affects your magic capacity (-9).
   +Blink:    It lets you blink.
   rCorr:     It protects you from acid and corrosion.
   Stlth:     It makes you more stealthy.
Wands
 u - a wand of flame (15)
 w - a wand of digging (20)
 F - a wand of mindburst (7)
 H - a wand of paralysis (24)
 N - a wand of polymorph (6)
 Q - a wand of quicksilver (11)
 R - a wand of roots (3)
Scrolls
 m - 2 scrolls of teleportation
 t - a scroll of enchant weapon
 v - a scroll of brand weapon
 E - 2 scrolls of fear
 S - 5 scrolls of magic mapping
 U - 3 scrolls of silence
Potions
 c - 6 potions of resistance
 d - 5 potions of cancellation
 h - a potion of magic
 k - a potion of might
 x - 7 potions of flight
 A - 2 potions of brilliance
 C - a potion of haste
 K - a potion of curing
 P - 4 potions of lignification
Miscellaneous
 y - a lightning rod (4/4)
 T - a phantom mirror
 X - a condenser vane (inert)


   Skills:
 + Level 25.6 Fighting
 + Level 25.0 Axes
 + Level 11.1 Ranged Weapons
 - Level 1.0 Throwing
 - Level 20.0 Armour
 - Level 10.0 Dodging
 - Level 13.6 Shields
 - Level 6.0 Evocations


You had 19 spell levels left.
You didn't know any spells.
Your spell library was empty.

Dungeon Overview and Level Annotations

Branches:
Dungeon (15/15)            Temple (0/1) D:7            Lair (5/5) D:9
 Shoals (4/4) Lair:3       Spider (4/4) Lair:2        Slime (5/5) Lair:5
    Orc (2/2) D:11            Elf (3/3) Orc:2        Vaults (0/5) D:14
 Depths (2/4) D:15          IceCv (visited)          WizLab (visited)

Altars:
Ashenzari
Gozag
Hepliaklqana
Kikubaaqudgha
Nemelex Xobeh
Qazlal
Ru
Sif Muna
Trog
Uskayaw
Wu Jian
Xom
Yredelemnul
Zin
The Shining One
Jiyva

Shops:
D:5 ?   D:6 =   Orc:1 =   Orc:2 :!([   Elf:2 :==   Shoals:2 *

Portals:
Hell: Depths:2

Annotations:
Lair:5 2 transporters, Quickbrownfox's ghost, journeyman DsIE
Slime:5 Royal Jelly


Innate Abilities, Weirdness & Mutations

You have a pair of horns on your head.
You reflexively headbutt those who attack you in melee.
Your flesh is cold resistant. (rC+)
Your flesh is heat resistant. (rF+)
You are weak. (Str -2)
Your movements are slightly less encumbered by armour. (ER -2)


Message History

Your cyclops is burned by acid!
The acid blob spits acid at you. The splash of acid hits you! You resist.
* * * LOW HITPOINT WARNING * * *
You block the rockslime's attack.
You swap places.
The rockslime hits you!!
* * * LOW HITPOINT WARNING * * *
You hold your ground!
The azure jelly hits your cyclops! The azure jelly freezes your cyclops!!!
The azure jelly hits your cyclops but does no damage.
The azure jelly barely misses your cyclops.
The azure jelly hits your cyclops!
The rockslime jiggles.
As you read the scroll of teleportation, it crumbles to dust.
You feel strangely unstable. You block the rockslime's attack.
The acid blob spits acid at you. The splash of acid hits you. You resist.
* * * LOW HITPOINT WARNING * * *
Your cyclops hits the azure jelly!!
The quicksilver ooze completely misses you.
You furiously retaliate!
You headbutt the quicksilver ooze, but do no damage.
The quicksilver ooze hits you!
* * * LOW HITPOINT WARNING * * *
You feel your power leaking away. The rockslime barely misses you.
You furiously retaliate!
You headbutt the rockslime, but do no damage.
The rockslime hits your cyclops!!!
Your cyclops holds its ground!
Your cyclops dies!
Your cyclops's corpse disappears in a puff of smoke!
The acid blob spits acid at you. The splash of acid hits you. You resist.
* * * LOW HITPOINT WARNING * * *
The acid corrodes you!
Okay, then.
A red film seems to cover your vision as you go berserk!
You feel yourself moving faster!
You feel mighty! The acid blob spits acid at you. The splash of acid hits you!
You resist.
You die...

.................#
....J.....J....#
...........J...#
...JJ.......J..#
...............#
........JJ.....##
......JJJJ...J..##
......J§JJ.......##
#.....J@JJ........##
........J..........#
..#.................
##..................
#..................
#..................
##.................
####..............
###...<........


You could see the Royal Jelly, 5 acid blobs, 6 azure jellies, 6 rockslimes and 2
quicksilver oozes.

Vanquished Creatures
  Dissolution (Slime:4)
  Bai Suzhen (Spider:3)
  Jorgrun (Orc:2)
  3 deep elf blademasters (Elf:3)
  A quicksilver dragon (WizLab)
  Rupert (D:15)
  12 acid blobs
  Polyphemus (Shoals:4)
  3 deep elf master archers (Elf:3)
  A kraken (Shoals:4)
  A sphinx (Depths:2)
  4 rockslimes
  2 draconian knights
  4 azure jellies
  2 frost giants
  9 deep elf sorcerers
  3 emperor scorpions
  4 deep elf elementalists (Elf:3)
  Louise (Spider:1)
  3 ghost moths (Spider:4)
  8 quicksilver oozes
  10 deep elf annihilators
  2 entropy weavers (Spider:3)
  3 vampire knights
  Azrael (Orc:2)
  2 deep elf demonologists (Elf:3)
  5 white draconians (IceCv)
  6 spark wasps
  An ettin (Depths:2)
  3 merfolk impalers
  5 merfolk javelineers
  2 fire dragons
  2 deep elf high priests (Elf:3)
  Josephine (Orc:2)
  2 ice dragons
  6 great orbs of eyes (Slime:4)
  Harold (D:9)
  7 hydras
  7 boulder beetles
  4 spriggan air magi
  3 merfolk avatars
  A rakshasa (Depths:2)
  A radroach (Spider:2)
  3 catoblepae
  2 ogre magi
  4 two-headed ogres
  A jorogumo (Spider:4)
  2 centaur warriors
  7 merfolk aquamancers (Shoals:4)
  3 satyrs
  A spriggan berserker (Depths:1)
  3 vampire magi (WizLab)
  5 alligator snapping turtles
  2 tengu warriors (Depths:1)
  An orc high priest (Elf:1)
  2 death yaks (Shoals:4)
  A deep troll earth mage (D:13)
  36 dancing weapons
  23 deep elf knights
  2 spriggans (Depths:1)
  4 skeletal warriors (D:15)
  2 sun moths
  2 salamander mystics
  2 lindwurms (Lair:5)
  5 pharaoh ants
  6 steelbarb worms
  11 sea snakes
  A swamp dragon (Lair:5)
  15 orb spiders
  A deep troll (D:15)
  2 wizards (D:15)
  Pikel (D:6)
  15 harpies
  2 orange crystal statues
  An orc knight (Orc:2)
  25 deep elf zephyrmancers
  2 necromancers (WizLab)
  A phantasmal warrior (D:15)
  A harpy (shapeshifter) (D:14)
  14 deep elf archers
  31 deep elf pyromancers
  7 mana vipers (WizLab)
  8 ugly things
  15 manticores
  13 wolf spiders
  A faun (shapeshifter) (D:15)
  10 orc sorcerers
  A mana viper (shapeshifter) (Elf:1)
  An oklob plant (Lair:2)
  A shining eye (Slime:4)
  7 cyclopes
  4 moths of wrath
  17 fauns
  A salamander (shapeshifter) (Elf:1)
  2 salamanders (Depths:2)
  7 merfolk sirens
  2 naga magi (WizLab)
  4 water nymphs
  5 black mambas
  9 elephants
  14 torpor snails
  A guardian serpent (shapeshifter) (Elf:2)
  A gargoyle (D:12)
  10 cane toads
  3 eyes of devastation
  Maggie (D:9)
  7 storm dragon simulacra (IceCv)
  An unseen horror (D:10)
  6 demonic crawlers
  13 komodo dragons
  2 rime drakes
  2 freezing wraiths (D:14)
  4 tengu conjurers
  4 golden dragon simulacra (IceCv)
  6 meliai
  2 polar bears
  6 trolls
  18 merfolk
  27 tarantellas
  3 tyrant leeches (Lair:5)
  8 hornets
  9 wind drakes
  7 blink frogs (Lair:5)
  86 slime creatures
  10 snapping turtles
  8 dream sheep
  16 jumping spiders
  7 air elementals
  8 water elementals
  2 wyverns
  6 wraiths
  A culicivora (shapeshifter) (Elf:3)
  52 yaks
  7 culicivoras
  4 fire bats (Depths:2)
  14 golden eyes
  A hog (shapeshifter) (D:14)
  A basilisk (D:11)
  7 fire elementals
  29 redbacks
  5 steam dragons
  5 wargs (Orc:2)
  13 water moccasins
  A hell hound (Orc:2)
  An acid dragon (Lair:5)
  A swamp drake (Lair:5)
  12 orc warriors
  3 sky beasts (D:7)
  2 black bears
  8 centaurs
  5 ice dragon simulacra (IceCv)
  21 ogres
  16 wolves
  A phantom (D:4)
  12 kobold brigands
  18 bullfrogs
  3 gnoll sergeants
  5 earth elementals
  2 scorpions
  A necrophage (D:8)
  5 wights
  15 killer bees
  5 lindwurm simulacra (IceCv)
  3 electric eels
  2 howler monkeys
  A gnoll bouda (D:7)
  6 hounds
  A jelly (D:5)
  4 orc priests
  27 orc wizards
  4 iguanas
  19 gnolls
  7 adders
  A shadow imp (D:7)
  A white imp (D:7)
  An ufetubus (D:6)
  4 worms
  A dart slug (D:1)
  59 orcs
  9 ball pythons
  2 endoplasms
  5 giant cockroaches
  11 goblins
  4 hobgoblins
  3 jackals (D:1)
  3 quokkas
  5 bats
  4 frilled lizards
  27 kobolds
  6 rats
  2 plants
  A tentacle (Shoals:4)
1295 creatures vanquished.

Vanquished Creatures (collateral kills)
  A Head Instructor (WizLab)
  A lich (Depths:2)
  A tengu reaver (WizLab)
  A rockslime (Slime:4)
  A ghost moth (Spider:2)
  The ghost of kalagan the Thaumaturge, a journeyman DECj of Sif Muna (Orc:2)
  The ghost of ripuliukko the Eclecticist, a journeyman DEEE of Vehumet (Lair:3)
  A merfolk impaler (Shoals:4)
  A great orb of eyes (Lair:3)
  2 death knights (D:15)
  A freezing wraith (D:15)
  3 merfolk (Shoals:4)
  2 slime creatures (Lair:3)
  2 jellies (Lair:3)
19 creatures vanquished.

Vanquished Creatures (others)
  A merfolk aquamancer (Shoals:4)
  A radroach (Spider:3)
  A deep elf knight (Elf:2)
  A deep elf pyromancer (Elf:3)
  A deep elf zephyrmancer (Elf:2)
  A tarantella (Spider:3)
  A culicivora (Spider:4)
  A jumping spider (Spider:3)
  14 fungi
  160 plants
  99 tentacles
281 creatures vanquished.

Grand Total: 1595 creatures vanquished

Notes
Turn   | Place    | Note
-------+----------+-------------------------------------------
     0 | D:1      | CatalinOSBI the Minotaur Berserker began the quest for the
                  | Orb.
     0 | D:1      | Reached XP level 1. HP: 19/19 MP: 0/0
   366 | D:1      | Reached XP level 2. HP: 24/26 MP: 1/1
   914 | D:1      | Reached skill level 5 in Axes
   924 | D:1      | Found a faded altar of an unknown god.
   941 | D:1      | Reached ** piety under Trog
   942 | D:1      | Reached XP level 3. HP: 31/31 MP: 2/2
  1931 | D:2      | Reached XP level 4. HP: 34/39 MP: 3/3
  2363 | D:2      | Identified a scroll of acquirement
  2363 | D:2      | Acquired a +1 war axe of freezing
  3144 | D:3      | Reached XP level 5. HP: 46/46 MP: 4/4
  3186 | D:3      | Found a glowing silver altar of Zin.
  3492 | D:3      | Acquired 902 gold pieces
  3588 | D:4      | Noticed a phantom
  3603 | D:4      | Killed a phantom
  3694 | D:4      | Found a broken altar of Ashenzari.
  3756 | D:4      | Noticed an ogre
  3763 | D:4      | Killed an ogre
  3764 | D:4      | Reached XP level 6. HP: 53/53 MP: 5/5
  3907 | D:4      | Acquired 714 gold pieces
  4025 | D:4      | Reached skill level 5 in Armour
  4553 | D:5      | Entered Level 5 of the Dungeon
  4571 | D:5      | Reached XP level 7. HP: 60/60 MP: 6/6
  4580 | D:5      | Reached skill level 5 in Fighting
  4581 | D:5      | Reached *** piety under Trog
  4634 | D:5      | Identified the +0 robe "Tiweolih" {rC- Int+4 Stlth+}
  5139 | D:5      | Found Lysekud's Magic Scroll Emporium.
  5142 | D:5      | Bought a scroll of fear for 40 gold pieces
  5598 | D:6      | Noticed Pikel
  5608 | D:6      | Killed Pikel
  5609 | D:6      | Reached XP level 8. HP: 42/73 MP: 7/7
  5779 | D:6      | Found a sacrificial altar of Ru.
  5907 | D:6      | Found Kuladihi's Jewellery Shop.
  6016 | D:6      | Bought the amulet of Niangur {Spirit rN++} for 522 gold
                  | pieces
  6389 | D:6      | Found a sparkling altar of Nemelex Xobeh.
  6558 | D:7      | Reached XP level 9. HP: 50/82 MP: 6/8
  6959 | D:7      | Found a staircase to the Ecumenical Temple.
  7248 | D:7      | Reached **** piety under Trog
  7339 | D:7      | Reached skill level 10 in Axes
  7661 | D:7      | Reached skill level 10 in Fighting
  8381 | D:8      | Found a glowing golden altar of the Shining One.
  8405 | D:8      | Found a stormy altar of Qazlal.
  9266 | D:8      | Acquired 832 gold pieces
  9295 | D:8      | Gained mutation: You are weak. (Str -2) [potion of
                  | mutation]
  9295 | D:8      | Gained mutation: Your flesh is cold resistant. (rC+)
                  | [potion of mutation]
  9295 | D:8      | Gained mutation: Your movements are slightly less
                  | encumbered by armour. (ER -2) [potion of mutation]
  9295 | D:8      | Gained mutation: Your flesh is heat resistant. (rF+)
                  | [potion of mutation]
  9474 | D:9      | Reached XP level 10. HP: 88/95 MP: 7/9
  9568 | D:9      | Found a staircase to the Lair.
  9577 | D:9      | Noticed a two-headed ogre
  9587 | D:9      | Killed a two-headed ogre
  9697 | D:9      | Noticed Maggie
  9718 | D:9      | Killed Maggie
  9825 | D:9      | Noticed Harold
  9837 | D:9      | Killed Harold
  9838 | D:9      | Reached skill level 5 in Dodging
 10112 | D:9      | Reached ***** piety under Trog
 10570 | D:9      | Found a hazy altar of Hepliaklqana.
 10587 | D:9      | Found a basalt altar of Yredelemnul.
 10648 | D:10     | Entered Level 10 of the Dungeon
 10682 | D:10     | Reached XP level 11. HP: 83/105 MP: 7/10
 10793 | D:10     | Found an ornate altar of the Wu Jian Council.
 11227 | D:10     | Found a shimmering altar of Xom.
 11229 | D:10     | Found a shimmering altar of Xom.
 11230 | D:10     | Found a shimmering altar of Xom.
 11230 | D:10     | Found a shimmering altar of Xom.
 11230 | D:10     | Found a shimmering altar of Xom.
 11453 | D:10     | Found a hide-covered altar of Uskayaw.
 11735 | D:10     | Found a bloodstained altar of Trog.
 11762 | D:10     | Found an opulent altar of Gozag.
 12102 | D:11     | Noticed a boulder beetle
 12130 | D:11     | Killed a boulder beetle
 12808 | D:11     | Noticed a two-headed ogre
 12818 | D:11     | Killed a two-headed ogre
 12819 | D:11     | Reached skill level 15 in Fighting
 13066 | D:11     | Noticed a white ugly thing
 13073 | D:11     | Killed a white ugly thing
 13273 | D:11     | Found a staircase to the Orcish Mines.
 13687 | D:12     | Noticed a deep elf pyromancer
 13702 | D:12     | Reached XP level 12. HP: 98/124 MP: 8/11
 13925 | D:12     | Noticed a two-headed ogre
 13932 | D:12     | Killed a two-headed ogre
 14668 | D:12     | Noticed a six-headed hydra
 14676 | D:12     | Killed a six-headed hydra
 14677 | D:12     | Reached skill level 1 in Ranged Weapons
 15224 | D:13     | Noticed a deep troll earth mage
 15244 | D:13     | Killed a deep troll earth mage
 15526 | Lair:1   | Entered Level 1 of the Lair of Beasts
 16094 | Lair:1   | Noticed a five-headed hydra
 16101 | Lair:1   | Killed a five-headed hydra
 17056 | Lair:2   | Reached skill level 10 in Armour
 17369 | Lair:2   | Identified the +5 dagger of the Dark Horse {vorpal, Fly
                  | rPois rF- Stlth+}
 17706 | Lair:2   | Found a hole to the Spider Nest.
 18521 | Lair:3   | Received a gift from Trog
 18714 | Lair:3   | Noticed a four-headed hydra
 18724 | Lair:3   | Reached XP level 13. HP: 102/134 MP: 8/12
 18725 | Lair:3   | Reached skill level 15 in Axes
 18933 | Lair:3   | Identified the +5 kite shield "Suetohoz" {rC- Str+8 Int+2
                  | SInv}
 18948 | Lair:3   | Found a runed translucent gate.
 18948 | Lair:3   | Found a runed translucent gate.
 18948 | Lair:3   | Found a runed translucent gate.
 18951 | Lair:3   | Noticed ripuliukko's ghost (journeyman DEEE)
 18954 | Lair:3   | Found a viscous altar of Jiyva.
 18954 | Lair:3   | Found the +7 captain's cutlass {speed, disarm}
 18976 | Lair:3   | Reached skill level 5 in Ranged Weapons
 18977 | Lair:3   | Reached skill level 1 in Shields
 18979 | Lair:3   | Killed ripuliukko's ghost
 18985 | Lair:3   | Identified the +1 pair of gloves "Tiplaran" {rElec MP+9}
 19139 | Lair:3   | Found an opulent altar of Gozag.
 19665 | Lair:3   | Found a staircase to the Shoals.
 20127 | Lair:4   | Reached skill level 5 in Shields
 20567 | Lair:5   | Entered Level 5 of the Lair of Beasts
 20584 | Lair:5   | Found a staircase to the Slime Pits.
 20585 | Lair:5   | Found a transporter.
 20806 | Lair:5   | Noticed Quickbrownfox's ghost (journeyman DsIE)
 20810 | Lair:5   | Found a bloodstained altar of Trog.
 20901 | Lair:5   | Found a transporter.
 21299 | Lair:5   | Reached XP level 14. HP: 143/146 MP: 13/13
 21412 | Lair:5   | Reached ****** piety under Trog
 21466 | Lair:5   | Found a runed translucent door.
 22224 | Lair:5   | Reached skill level 10 in Shields
 22881 | Orc:1    | Entered Level 1 of the Orcish Mines
 22983 | Orc:1    | Found Etec's Jewellery Boutique.
 23293 | Orc:2    | Entered Level 2 of the Orcish Mines
 23293 | Orc:2    | Found a staircase to the Elven Halls.
 23302 | Orc:2    | Noticed Azrael
 23308 | Orc:2    | Received a gift from Trog
 23318 | Orc:2    | Killed Azrael
 23425 | Orc:2    | Noticed Jorgrun
 23444 | Orc:2    | Killed Jorgrun
 23703 | Orc:2    | Received a gift from Trog
 23905 | Orc:2    | Found Coety's Distillery.
 23905 | Orc:2    | Found Arakke Fuoho's Book Shop.
 23921 | Orc:2    | Bought a potion of invisibility for 136 gold pieces
 24009 | Orc:2    | Paralysed by an orc sorcerer for 5 turns
 24051 | Orc:2    | Found Foofaach's Antique Armour Shoppe.
 24051 | Orc:2    | Found Itourch's Weapon Shop.
 24118 | Orc:2    | Noticed Josephine
 24132 | Orc:2    | Killed Josephine
 24365 | Orc:2    | Paralysed by an ogre mage for 4 turns
 24470 | Orc:2    | Found a runed translucent door.
 24470 | Orc:2    | Found a shimmering altar of Xom.
 24470 | Orc:2    | Noticed kalagan's ghost (journeyman DECj)
 24480 | Orc:2    | Killed kalagan's ghost
 24896 | Orc:2    | Bought a manual of Armour for 1040 gold pieces
 25184 | Spider:1 | Entered Level 1 of the Spider Nest
 25470 | Spider:1 | Noticed Louise
 25478 | Abyss:3  | Cast into level 3 of the Abyss (Louise)
 25502 | Spider:1 | Escaped the Abyss
 25519 | Spider:1 | Killed Louise
 25696 | Spider:1 | Reached XP level 15. HP: 113/155 MP: 14/14
 25717 | Spider:1 | Received a gift from Trog
 27956 | Spider:3 | Noticed an emperor scorpion
 27997 | Spider:2 | Reached skill level 1 in Throwing
 28727 | Spider:2 | HP: 3/156 [ghost moth (9)]
 28732 | Spider:2 | HP: 5/156 [ghost moth (8)]
 29061 | Spider:2 | Killed an emperor scorpion
 29277 | Spider:3 | Noticed an emperor scorpion
 29281 | Spider:2 | Received a gift from Trog
 29344 | Spider:2 | Killed an emperor scorpion
 29459 | Spider:3 | Noticed Bai Suzhen
 29486 | Spider:3 | Killed Bai Suzhen
 30363 | Spider:4 | Entered Level 4 of the Spider Nest
 30980 | Spider:4 | Reached XP level 16. HP: 158/165 MP: 15/15
 31538 | Spider:4 | Reached skill level 15 in Armour
 32047 | Spider:4 | Received a gift from Trog
 32373 | Spider:4 | Found the -2 hat of the Alchemist {rElec rPois rF+ rC+ rN+
                  | Will+ rMut rCorr}
 32390 | Spider:4 | Got a gossamer rune of Zot
 32906 | D:14     | Found a frozen archway.
 32944 | IceCv    | Entered an ice cave
 33667 | IceCv    | Identified the ring "Zestrymul" {+Blink rPois rCorr MP-9
                  | Stlth+}
 33880 | IceCv    | Identified the +0 plate armour of Refuge {rPois}
 34418 | D:14     | Found a gate to the Vaults.
 34919 | D:15     | Entered Level 15 of the Dungeon
 35334 | D:15     | Found a staircase to the Depths.
 35919 | D:15     | Received a gift from Trog
 36296 | D:15     | Noticed Rupert
 36310 | D:15     | Killed Rupert
 36448 | Depths:1 | Entered Level 1 of the Depths
 36448 | Depths:1 | Noticed a golden dragon
 36448 | Depths:1 | You fall into a shaft and drop 1 floor!
 36467 | Depths:2 | Reached XP level 17. HP: 95/173 MP: 16/16
 36573 | Depths:2 | Noticed a lich
 36591 | Depths:2 | Killed a lich
 36637 | Depths:2 | Noticed a golden dragon
 36637 | Depths:2 | Noticed a walking divine tome
 36638 | Depths:2 | Noticed a lich
 36653 | Depths:2 | Paralysed by a sphinx for 2 turns
 36713 | Depths:2 | Found a gateway to Hell.
 37261 | Shoals:1 | Entered Level 1 of the Shoals
 38245 | Shoals:2 | Found Zuhulota's Overcharged Wands.
 38276 | Shoals:2 | Received a gift from Trog
 38636 | Shoals:2 | Noticed a kraken
 40182 | Shoals:3 | Identified the +5 chain mail of the Gate {rF++ rC- rCorr
                  | Stlth+}
 40683 | Shoals:4 | Entered Level 4 of the Shoals
 40851 | Shoals:4 | Reached XP level 18. HP: 142/187 MP: 17/17
 41568 | Shoals:4 | Noticed Polyphemus
 41577 | Shoals:4 | Killed Polyphemus
 41580 | Shoals:4 | Reached skill level 1 in Evocations
 42546 | Shoals:4 | Got a barnacled rune of Zot
 42853 | Elf:1    | Entered Level 1 of the Elven Halls
 42867 | Elf:1    | Received a gift from Trog
 42895 | Elf:1    | Found an ancient bone altar of Kikubaaqudgha.
 42932 | Elf:1    | Found a magical portal.
 42997 | WizLab   | Entered Yara's Duelist Academy
 43532 | WizLab   | Noticed Lecegim
 43548 | WizLab   | Killed Lecegim the Head Instructor
 45161 | Elf:2    | Reached XP level 19. HP: 195/198 MP: 18/18
 45162 | Elf:2    | Reached skill level 5 in Evocations
 45184 | Elf:2    | Received a gift from Trog
 45214 | Elf:2    | Paralysed by an air elemental for 1 turns
 45216 | Elf:2    | Paralysed by an air elemental for 1 turns
 45369 | Elf:2    | Found a huge runed translucent gate.
 45369 | Elf:2    | Found a huge runed translucent gate.
 45369 | Elf:2    | Found a huge runed translucent gate.
 45370 | Elf:2    | Found a huge runed translucent gate.
 45371 | Elf:2    | Found a huge runed translucent gate.
 45625 | Elf:2    | Identified the +8 great sword of Zolaw {vamp, rElec rPois
                  | Will+ Str+2}
 45640 | Elf:2    | Found the +9 staff of Olgreb {rPois∞}
 45681 | Elf:2    | Found Borritin's Book Shop.
 45682 | Elf:2    | Found Giledoemn's Jewellery Emporium.
 45682 | Elf:2    | Found Miqeog's Jewellery Emporium.
 45699 | Elf:2    | Bought the amulet of Taan {Reflect Fragile Will+++ Dex-4
                  | SH+5 SInv} for 1048 gold pieces
 46058 | Elf:2    | Reached skill level 10 in Dodging
 46137 | Elf:2    | Received a gift from Trog
 46941 | Elf:3    | Entered Level 3 of the Elven Halls
 47348 | Elf:3    | Found a shimmering blue altar of Sif Muna.
 47693 | Elf:3    | Paralysed by an air elemental for 1 turns
 48031 | Elf:3    | Received a gift from Trog
 48114 | Elf:3    | Identified the +5 whip of Liebbiku {venom, Fly rC+ Will+
                  | MP-9}
 48318 | Elf:3    | Identified the +3 lajatang of the Feather {distort, Int+2
                  | Dex+4 SInv Stlth-}
 48470 | Elf:3    | Identified the +10 falchion of Tagy {drain, rF+++ Dex+5
                  | SInv Stlth-}
 48478 | Elf:3    | Identified the +5 hand axe "Fuorph" {elec, Int+3 SInv}
 48498 | Elf:3    | Identified the +8 hand axe of Collusion {vorpal, rPois}
 48747 | Elf:3    | Acquired 852 gold pieces
 48840 | Elf:3    | Identified the +6 triple crossbow of Aficvaroy {flame, rF+}
 48881 | Elf:3    | Identified the +3 leather armour of Axuwoa {Rampage rPois
                  | rC+ Stlth+}
 49638 | Slime:1  | Entered Level 1 of the Pits of Slime
 49680 | Lair:5   | Reached XP level 20. HP: 135/209 MP: 19/19
 51430 | Slime:3  | Reached skill level 10 in Ranged Weapons
 51685 | Slime:4  | Noticed Dissolution
 51690 | Slime:4  | Received a gift from Trog
 51702 | Slime:4  | Paralysed by a floating eye for 2 turns
 51707 | Slime:4  | Killed Dissolution
 52562 | Slime:5  | Entered Level 5 of the Pits of Slime
 52612 | Slime:5  | Noticed the Royal Jelly
 52634 | Slime:5  | HP: 7/212 [quicksilver ooze[the Royal Jelly] (9)]
 52634 | Slime:5  | HP: 3/212 [acid blob/splash of acid[the Royal Jelly] (4)]
 52635 | Slime:5  | Killed from afar by an acid blob

Illustrated notes

Levels and vault maps discovered:
D:1:      roderic_crop_circles_arrival_small, layout_basic,
          shapermc_ecumenical_altar_gd, chequers_arboretum
D:2:      minmay_chambers_of_twos, layout_loops_cross, minmay_misc_feat_rugged
D:3:      layout_loops_ring, mainiacjoe_overflow_brackets
D:4:      layout_basic, nicolae_ashenzari_skybound
D:5:      layout_rooms, serial_shops, kennysheep_mini
D:6:      layout_loops_ring, lemuel_tele_altar, nicolae_ru_awakened_eye,
          serial_shops, nicolae_shop_stone, uniq_pikel
D:7:      layout_basic, temple_green, hangedman_misty_isle
D:8:      layout_basic, tso_metal_star, mainiacjoe_overflow_paths,
          dreamdust_princess_bridge
D:9:      layout_stronghold, jmf_multi_god_temple, erik_lair_island,
          minmay_misc_feat_tower, nicolae_underground_beach, uniq_harold,
          uniq_maggie
D:10:     layout_roguey, xom_shifter_show, nicolae_uskayaw_dance_hall,
          general_overflow_altar, mainiacjoe_overflow_two_lobes
D:11:     layout_small_grid, kennysheep_orc_monster_closet_entryway
D:12:     layout_stronghold, minmay_holes
D:13:     kennysheep_funnel, layout_basic, gauntlet_entry_generic,
          okawaru_gym_becter
D:14:     layout_gridville, portal_ice_cave_entry_frozen_things,
          minmay_misc_feat_ornament
D:15:     hangedman_depths_entry_civil_slaughter, layout_stronghold, uniq_rupert
Lair:1:   layout_cave_pods, st_stairs_10
Lair:2:   layout_gridlike, dummy_spider_entry, wad_woods_road_01,
          minmay_lair_oklob_items, serial_bayou_pond_d, hibernation_bobbens
Lair:3:   layout_chaotic_city, elwin_shoals_entry_stream, gammafunk_ghost_ooze,
          basic_altar
Lair:4:   layout_loops_ring, lemuel_fruit_tree
Lair:5:   guppyfry_lair_end_dragon, layout_cave_shapes, wormcave, slime_entry_1,
          gammafunk_ghost_wrathful_warriors, st_stairs_4
Shoals:1: layout_shoals, nicolae_shoals_shepherds
Shoals:2: layout_shoals, nicolae_shop_overcharged_wands
Shoals:3: layout_shoals
Shoals:4: shoals_end_hangedman, layout_shoals, nicolae_shoals_aquamancer_cove,
          uniq_polyphemus
Spider:1: layout_cave_pods, nicolae_spider_eight_legs, uniq_louise
Spider:2: layout_spider_delve, nicolae_spider_webbed_stairs
Spider:3: layout_spider_delve, uniq_bai_suzhen
Spider:4: grunt_spider_rune_island
Slime:1:  layout_caves, basic_altar
Slime:2:  layout_caves
Slime:3:  layout_caves
Slime:4:  layout_caves, special_room [special_room_jelly], uniq_dissolution
Slime:5
Orc:1:    layout_caves, serial_shops, shop
Orc:2:    st_orc_town, layout_caves, ebering_ghost_xom, mines4_lemuel,
          uniq_azrael, uniq_josephine, uniq_jorgrun
Elf:1:    cheibrodos_wizards_tower, layout_geoelf_grid, mu_enter_wizlab_1,
          hangedman_corner_corridor, david_defended_altar_elf,
          grunt_megastairs_2
Elf:2:    elven_hall_of_blades_hangedman_alternative
          [nicolae_blade_entry_sentries_behind_glass], layout_geoelf_diagonals,
          minmay_the_grid_2x2 [minmay_the_grid_all_tris, minmay_the_grid_empty,
          minmay_the_grid_broken_lines, minmay_the_grid_prize_trominoes],
          minmay_shop_grove
Elf:3:    minmay_elf_hall_furrowed, layout_loops_corners, basic_altar,
          minivault_16, kb_rosetta
Depths:1: layout_roguey, corexii_corridor_pit, grunt_hell_entry_dis_old,
          abyss_entry, minislime_mu
Depths:2: grunt_deathspiral_small, layout_cave_pools, grunt_pan_entry_zigzag,
          trove_entry_hex_spiral, hell_entry, ebering_ghost_reflecting_pool,
          grunt_decor_fettered, drop_trap, infiniplex_staircase_pool_1

Skill      XL: |  1  2  3  4  5  6  7  8  9 10 11 12 13 14 15 16 17 18 19 20 |
---------------+-------------------------------------------------------------+-----
Axes           | 4 5 6 7 8 9 10 13 14 16 18 19 20 22 23 24 25 | 25.0
Fighting       | 4 7 8 11 12 16 17 19 20 21 22 23 24 25 | 25.6
Armour         | 4 5 7 8 9 10 14 18 20 | 20.0
Dodging        | 3 5 7 9 10 | 10.0
Ranged Weapons | 4 5 9 11 | 11.1
Shields        | 8 11 12 13 | 13.6
Throwing       | 1 |  1.0
Evocations     | 4 6 |  6.0

Action                   |  1- 3 |  4- 6 |  7- 9 | 10-12 | 13-15 | 16-18 | 19-21 || total
-------------------------+-------+-------+-------+-------+-------+-------+-------++-------
Melee: Hand axe          |    95 |     2 |       |       |       |       |       ||    97
       Headbutt          |    18 |     9 |    33 |   123 |   217 |   328 |   180 ||   908
       War axe           |       |    62 |   187 |   458 |   884 |  1248 |   691 ||  3530
       Sling             |       |       |     1 |       |       |       |       ||     1
       Punch             |       |       |     1 |     7 |       |       |       ||     8
       Battleaxe         |       |       |     1 |     4 |    16 |     5 |       ||    26
       Morningstar       |       |       |       |    10 |       |       |       ||    10
 Fire: Sling             |    55 |    53 |    23 |       |       |     7 |   132 ||   270
       Shortbow          |       |       |    52 |   139 |     6 |    28 |       ||   225
Throw: Dart              |       |       |       |       |   227 |    55 |       ||   282
Invok: Berserk           |       |     1 |       |     3 |     2 |     2 |     1 ||     9
       Trog's Hand       |       |       |       |     1 |     1 |     7 |     4 ||    13
       Brothers in Arms  |       |       |       |       |     4 |     6 |     2 ||    12
Evoke: Wand              |       |       |     4 |     3 |     2 |    36 |       ||    45
       Lightning rod     |       |       |       |       |       |     4 |     1 ||     5
       Condenser vane    |       |       |       |       |       |     1 |     1 ||     2
  Use: Scroll            |       |     8 |    10 |    10 |    13 |    21 |     7 ||    69
       Potion            |       |     3 |     3 |     1 |    13 |    10 |    12 ||    42
 Stab: Sleeping          |     1 |       |       |       |       |       |       ||     1
       Petrified         |       |       |       |       |     4 |       |       ||     4
       Distracted        |       |       |       |       |     1 |     1 |       ||     2
       Invisible         |       |       |       |       |     2 |     3 |       ||     5
Armor: Animal skin       |     2 |       |       |       |       |       |       ||     2
       Ring mail         |    21 |     1 |       |       |       |       |       ||    22
       Chain mail        |       |    24 |    55 |       |       |       |       ||    79
       Plate armour      |       |       |    35 |   193 |   353 |   595 |   217 ||  1393
       Ice dragon scales |       |       |       |       |       |    16 |       ||    16
Dodge: Dodged            |    37 |    45 |   134 |   269 |   413 |   406 |   135 ||  1439
Block: Kite shield       |       |       |       |       |   678 |   990 |   495 ||  2163
       Reflection        |       |       |       |       |       |       |    36 ||    36
